 Dungeon Crawl Stone Soup version 0.28.0-43-g3370ac3207 (webtiles) character file.

Game seed: 13164667030417151581

2158 sking99 the Grappler (level 9, -1/78 HPs)
             Began as a Ghoul Monk on Mar 24, 2022.
             Was a Believer of Makhleb.
             Slain by a two-headed ogre
             ... wielding a +0 giant club
              (11 damage)
             ... on level 8 of the Dungeon.
             The game lasted 00:11:45 (8642 turns).

sking99 the Grappler (Ghoul Monk)                   Turns: 8642, Time: 00:11:45

Health: -1/78      AC:  7    Str: 19    XL:     9   Next: 31%
Magic:  10/10      EV: 13    Int:  5    God:    Makhleb [**....]
Gold:   313        SH:  0    Dex: 17    Spells: 8/8 levels left

rFire   . . .      SeeInvis .     - Unarmed
rCold   + . .      Faith    .   (no shield)
rNeg    + + +      Spirit   .   c - +0 ring mail
rPois   ∞          Reflect  .   m - +0 helmet
rElec   .          Harm     .   (no cloak)
rCorr   .          Rampage  .   (no gloves)
Will    .....                   (no boots)
Stlth   ++........              (no amulet)
HPRegen 0.00/turn               f - +6 ring of dexterity
MPRegen 0.12/turn               (no ring)

@: inhibited regen
A: claws 1, cold resistance 1, negative energy resistance 3, inhibited
regeneration, torment resistance 2
a: Renounce Religion, Minor Destruction


You were on level 8 of the Dungeon.
You worshipped Makhleb.
Makhleb was pleased with you.
You visited 1 branch of the dungeon, and saw 8 of its levels.

You collected 313 gold pieces.

Inventory:

Armour
 c - a +0 ring mail (worn)
 m - a +0 helmet (worn)
 q - a +0 pair of gloves
Jewellery
 f - a +6 ring of dexterity (left claw)
 o - a ring of wizardry
Wands
 j - a wand of iceblast (3)
Scrolls
 b - 6 scrolls of identify
 d - 2 scrolls of fog
 h - a scroll of amnesia
 i - a scroll of teleportation
 n - 2 scrolls of torment {unknown}
 p - a scroll of enchant weapon {unknown}
 r - a scroll of enchant armour {unknown}
Potions
 a - 4 potions of might
 e - 2 potions of brilliance {unknown}
 g - 5 potions of curing {unknown}
 k - a potion of heal wounds {unknown}
 l - 2 potions of attraction {unknown}


   Skills:
 + Level 6.4 Fighting
 + Level 4.4 Armour
 + Level 5.3 Dodging
 - Level 2.1 Stealth
 * Level 8.8 Unarmed Combat
 + Level 3.3 Invocations


You had 8 spell levels left.
You didn't know any spells.
Your spell library contained the following spells:

 Spells                   Type           Power      Damage    Failure   Level
 Animate Skeleton         Necr           0%         N/A       65%         1
 Apportation              Tloc           0%         N/A       65%         1
 Sting                    Tmut/Pois      0%         1d3       65%         1
 Summon Small Mammal      Summ           0%         N/A       65%         1
 Blink                    Tloc           0%         N/A       80%         2
 Poisonous Vapours        Pois/Air       0%         N/A       80%         2
 Gell's Gravitas          Tloc           0%         N/A       95%         3
 Lesser Beckoning         Tloc           0%         N/A       95%         3
 Teleport Other           Tloc           0%         N/A       95%         3
 Olgreb's Toxic Radiance  Pois           0%         N/A       100%        4
 Fireball                 Conj/Fire      0%         3d3       100%        5
 Iskenderun's Battlesphe  Conj           0%         2d6       100%        5
 Manifold Assault         Tloc           0%         N/A       100%        5
 Conjure Ball Lightning   Conj/Air       0%         3x3d6     100%        6
 Orb of Destruction       Conj           0%         9d5       100%        7


Dungeon Overview and Level Annotations

Branches:
Dungeon (8/15)             Temple (0/1) D:6
   Lair: D:8-11

Altars:
Elyvilon
Hepliaklqana
Makhleb
Xom
The Shining One


Innate Abilities, Weirdness & Mutations

You thrive by killing the living.
You are immune to poison.
You have sharp fingernails.
Your flesh is cold resistant. (rC+)
You are immune to negative energy. (rN+++)
You do not regenerate when monsters are visible.
You are immune to unholy pain and torment.


Message History

You scratch the wyvern skeleton.
The wyvern skeleton is severely damaged.
The wyvern skeleton bites you!
You claw the wyvern skeleton!
You destroy the wyvern skeleton!
Makhleb accepts your kill.
You feel better.
No target in view!
You see here a +0 flail.
You see here a +0 war axe.
You see here a +0 trident.
Done exploring.
Done exploring.
Done exploring.
Done exploring.
There is a stone staircase leading down here.
You climb downwards.
There is a stone staircase leading up here.
There is a stone staircase leading up here.
Found a stone staircase leading down.
r - a scroll labelled QAPUIQ WUUNETE A two-headed ogre comes into view.
It is wielding a +0 giant club and a +0 giant spiked club.
You claw the two-headed ogre! x2
The two-headed ogre is moderately wounded.
You claw the two-headed ogre!
The two-headed ogre is heavily wounded.
The two-headed ogre hits you with a +0 giant club!
The two-headed ogre hits you with a +0 giant spiked club!
You claw the two-headed ogre!
The two-headed ogre is severely wounded.
The two-headed ogre hits you with a +0 giant club!!
The two-headed ogre completely misses you.
You claw the two-headed ogre!
The two-headed ogre is severely wounded.
You scratch the two-headed ogre but do no damage.
The two-headed ogre is severely wounded.
The two-headed ogre hits you with a +0 giant club!!
* * * LOW HITPOINT WARNING * * *
The two-headed ogre hits you with a +0 giant spiked club!
You die...

#.......##
#........#
#
#........#
..
........#
...
#......##..
........
#.#>.O#
#.#.@.#
#.....#
###...#
####.####
#.<.....#
#.##.##.#
#.##.# ..
#.##.. ##
#.#####


You could see a two-headed ogre.

Vanquished Creatures
  A water moccasin (D:7)
  An ice beast (D:6)
  2 ogres
  A necrophage (D:5)
  A phantom (D:4)
  4 bullfrogs
  A gnoll sergeant (D:5)
  4 scorpions
  2 water moccasin skeletons (D:5)
  A wyvern skeleton (D:7)
  3 wights (D:6)
  2 hounds
  A gnoll shaman (D:6)
  3 orc priests
  2 bullfrog skeletons
  A jelly (D:4)
  3 iron imps (D:3)
  A scorpion zombie (D:5)
  2 iguanas
  5 orc wizards
  Robin (D:3)
  8 adders
  6 gnolls
  An adder skeleton (D:5)
  2 worms
  A dart slug (D:1)
  8 orcs
  6 ball pythons
  10 endoplasms
  2 giant cockroaches
  9 goblins
  14 hobgoblins
  7 jackals
  2 quokkas
  2 bats
  3 frilled lizards
  10 kobolds
  4 rats (D:1)
137 creatures vanquished.

Vanquished Creatures (collateral kills)
  A hobgoblin (D:4)
1 creature vanquished.

Vanquished Creatures (others)
  A fungus (D:3)
1 creature vanquished.

Grand Total: 139 creatures vanquished

Notes
Turn   | Place    | Note
-------+----------+-------------------------------------------
     0 | D:1      | sking99 the Ghoul Monk began the quest for the Orb.
     0 | D:1      | Reached XP level 1. HP: 19/19 MP: 0/0
   268 | D:1      | Reached XP level 2. HP: 23/26 MP: 1/1
   742 | D:1      | Reached skill level 4 in Unarmed Combat
   753 | D:1      | Reached XP level 3. HP: 29/31 MP: 2/2
  1632 | D:2      | Reached skill level 1 in Armour
  1755 | D:3      | Reached XP level 4. HP: 31/40 MP: 3/3
  1908 | D:3      | Noticed Robin
  2026 | D:3      | Killed Robin
  2045 | D:3      | Found a burning altar of Makhleb.
  2329 | D:3      | Reached XP level 5. HP: 24/46 MP: 4/4
  2336 | D:3      | Reached skill level 5 in Unarmed Combat
  2403 | D:3      | Became a worshipper of Makhleb the Destroyer
  2403 | D:3      | Reached * piety under Makhleb
  2403 | D:3      | Reached ** piety under Makhleb
  2519 | D:3      | Reached XP level 6. HP: 14/53 MP: 5/5
  2931 | D:3      | Found a faded altar of an unknown god.
  2937 | D:3      | Got Plato's Volume of Orientation
  3422 | D:4      | Reached skill level 6 in Unarmed Combat
  3422 | D:4      | Reached XP level 7. HP: 53/60 MP: 6/6
  4301 | D:5      | Entered Level 5 of the Dungeon
  4673 | D:5      | Reached skill level 5 in Fighting
  5175 | D:5      | Reached skill level 7 in Unarmed Combat
  5187 | D:5      | Reached XP level 8. HP: 39/68 MP: 7/7
  5370 | D:5      | Reached skill level 1 in Invocations
  6619 | D:6      | Found a shimmering altar of Xom.
  6814 | D:6      | Found a staircase to the Ecumenical Temple.
  6955 | D:6      | Found a hazy altar of Hepliaklqana.
  7136 | D:6      | Identified the +7 short sword "Jiqy" {pain, rF+ Will- Str+7
                  | SInv}
  7211 | D:7      | Reached skill level 8 in Unarmed Combat
  7389 | D:6      | Reached skill level 5 in Dodging
  7415 | D:7      | Reached XP level 9. HP: 71/75 MP: 8/10
  8634 | D:8      | Noticed a two-headed ogre
  8642 | D:8      | Slain by a two-headed ogre

Illustrated notes

Levels and vault maps discovered:
D:1:      elethiomel_arrival_infinity_welcomes_careful_drivers,
          layout_loops_ring, minmay_indecisive_spiral
D:2:      layout_loops_ring
D:3:      layout_basic, demons_altar, elyvilon_altar_4,
          shapermc_ecumenical_altar_rom_forum, portal_sewer_entry_e,
          nicolae_concentric_dashed_squares_wild, minivault_11, uniq_robin
D:4:      layout_loops_corners, mainiacjoe_overflow_catwalk,
          chequers_serial_rivers_micro_d
D:5:      layout_layer_cave, minmay_hedge_maze, lightli_minifort
D:6:      layout_loops_cross, nzn_hepliaklqana_mist_gate,
          mainiacjoe_overflow_concentric_impassable, minmay_temple_entry_tees
D:7:      layout_cave_pools
D:8:      layout_loops_cross, nemelex_xobeh_ov_fountains_minmay,
          guppyfry_early_elven_hall

Skill      XL: |  1  2  3  4  5  6  7  8  9 |
---------------+----------------------------+-----
Unarmed Combat | 4 5 6 7 8 |  8.8
Dodging        | 3 4 5 |  5.3
Armour         | 1 2 3 4 |  4.4
Fighting       | 4 5 6 |  6.4
Invocations    | 2 3 |  3.3
Stealth        | |  2.1

Action                   |  1- 3 |  4- 6 |  7- 9 || total
-------------------------+-------+-------+-------++-------
Melee: Unarmed           |   102 |   141 |   318 ||   561
       Punch             |     3 |     6 |    17 ||    26
  Use: Scroll            |       |     9 |       ||     9
 Stab: Sleeping          |     6 |     1 |       ||     7
       Distracted        |       |     1 |     1 ||     2
Armor: Ring mail         |    32 |    42 |    64 ||   138
Dodge: Dodged            |    44 |    84 |   170 ||   298
